 Dungeon Crawl Stone Soup version 0.25-a0-781-gc44aebf4fe (webtiles) character file.

Game seed: 16282824537183268390, levelgen mode: classic

18 EnegeticOcto the Vexing (level 2, -1/21 HPs)
             Began as a Demonspawn Enchanter on Apr 15, 2020.
             Slain by an adder (3 damage)
             ... on level 2 of the Dungeon.
             The game lasted 00:05:51 (2169 turns).

EnegeticOcto the Vexing (Demonspawn Enchanter)      Turns: 2169, Time: 00:05:52

Health: -1/21      AC:  2    Str:  8    XL:     2   Next: 48%
Magic:  0/5        EV: 12    Int: 16    God:
Gold:   110        SH:  0    Dex: 15    Spells: 2/5 levels left

rFire    . . .     SeeInvis .   a - +1 dagger
rCold    . . .     Gourm    .   (no shield)
rNeg     . . .     Faith    .   b - +0 robe
rPois    .         Spirit   .   (no helmet)
rElec    .         Reflect  .   (no cloak)
rCorr    .         Harm     .   (no gloves)
MR       .....                  (no boots)
Stlth    +++.......             (no amulet)
HPRegen  0.07/turn              k - ring of flight
MPRegen  0.09/turn              (no ring)

@: lethally poisoned (-1 -> -17), flying, very slightly contaminated
A: thin skeletal structure 1
a: no special abilities


You were on level 2 of the Dungeon.
You were very hungry.

You visited 1 branch of the dungeon, and saw 2 of its levels.

You collected 110 gold pieces.

Inventory:

Hand Weapons
 a - a +1 dagger (weapon)
 n - a +0 hunting sling
Missiles
 d - 48 arrows
 i - 24 stones (quivered)
Armour
 b - a +0 robe (worn)
Jewellery
 k - a ring of flight (left hand)
Scrolls
 c - 4 scrolls of identify {unknown}
 f - a scroll of remove curse {unknown}
 g - a scroll of random uselessness {unknown}
 j - a scroll of amnesia {unknown}
 l - a scroll of blinking {unknown}
 m - a scroll of enchant armour {unknown}
 o - a scroll of teleportation {unknown}
Comestibles
 e - 3 rations


   Skills:
 + Level 1.1 Fighting
 + Level 1.4 Short Blades
 - Level 1.7 Dodging
 - Level 3.0 Stealth
 - Level 2.0 Spellcasting
 - Level 3.0 Hexes
 + Level 0.2 Ice Magic


You had 2 spell levels left.
You knew the following spells:

 Your Spells              Type           Power        Failure   Level  Hunger
a - Corona                Hex            ##.....      6%          1    #......
b - Ensorcelled Hibernat  Hex/Ice        #.....       16%         2    ###....

Your spell library contained the following spells:

 Spells                   Type           Power        Failure   Level  Hunger
 Confusing Touch          Hex            ##......     19%         3    ###....
 Tukima's Dance           Hex            ##......     19%         3    ###....
 Dazzling Flash           Conj/Hex       #.....       32%         3    ###....


Dungeon Overview and Level Annotations

Branches:
Dungeon (2/15)

Altars:


Innate Abilities, Weirdness & Mutations

You have a somewhat thin skeletal structure. (Dex +2, Stealth)


Message History

You start resting.
The worm is too close now for your liking.
You start resting.
The worm is too close now for your liking.
You see here a short sword.
A worm is nearby!
Throwing (i - inventory)
i - 30 stones (quivered)
Press: ? - help, Shift-Dir - straight line, f/p - worm
Aim: a worm You throw a stone.
The stone hits the worm but does no damage.
Throwing (i - inventory)
i - 29 stones (quivered)
Press: ? - help, Shift-Dir - straight line, f/p - worm
Aim: a worm You throw a stone.
The stone barely misses the worm.
Throwing (i - inventory)
i - 28 stones (quivered)
Press: ? - help, Shift-Dir - straight line, f/p - worm
Aim: a worm You throw a stone.
The stone hits the worm but does no damage.
Throwing (i - inventory)
i - 27 stones (quivered)
Press: ? - help, Shift-Dir - straight line, f/p - worm
Aim: a worm You throw a stone.
The stone hits the worm but does no damage.
Throwing (i - inventory)
i - 26 stones (quivered)
Press: ? - help, Shift-Dir - straight line, f/p - worm
Aim: a worm You throw a stone.
The stone hits the worm but does no damage.
Throwing (i - inventory)
i - 25 stones (quivered)
Press: ? - help, Shift-Dir - straight line, f/p - worm
Aim: a worm You throw a stone.
The stone barely misses the worm.
Throwing (i - inventory)
i - 24 stones (quivered)
Press: ? - help, Shift-Dir - straight line, f/p - worm
Aim: a worm You throw a stone.
The stone hits the worm but does no damage.
Throwing (i - inventory)
i - 23 stones (quivered)
Press: ? - help, Shift-Dir - straight line, f/p - worm
Aim: a worm You throw a stone.
The stone hits the worm.
The worm is lightly wounded.
Throwing (i - inventory)
i - 22 stones (quivered)
Press: ? - help, Shift-Dir - straight line, f/p - worm
Aim: a worm You throw a stone.
The stone barely misses the worm.
There is a stone staircase leading down here.
You climb downwards.
There is a stone staircase leading up here.
You start resting.
You are feeling hungry.
You start resting.
HP restored.
i - 22 stones (gained 1)
i - 23 stones (gained 1)
i - 24 stones (gained 1)
You now have 110 gold pieces (gained 9).
An adder comes into view.
The adder hisses angrily.
Casting: Ensorcelled Hibernation (safe; 16% risk of failure)
Confirm with . or Enter, or press ? or * to list all spells.
Aiming: Ensorcelled Hibernation (safe; 16% risk of failure)
Press: ? - help, Shift-Dir - straight line, f - adder
Aim: an adder (chance to defeat MR: 47%)
You miscast Ensorcelled Hibernation.
You are very lightly contaminated with residual magic.
Nothing appears to happen.
The adder bites you.
Casting: Ensorcelled Hibernation (safe; 16% risk of failure)
Confirm with . or Enter, or press ? or * to list all spells.
Aiming: Ensorcelled Hibernation (safe; 16% risk of failure)
Press: ? - help, Shift-Dir - straight line, f/p - adder
Aim: an adder (chance to defeat MR: 47%)
The adder resists with some effort.
The adder bites you.
You are poisoned.
The adder poisons you!
Casting: Ensorcelled Hibernation (safe; 16% risk of failure)
Confirm with . or Enter, or press ? or * to list all spells.
You don't have enough magic to cast that spell.
Unknown command.
Casting: Ensorcelled Hibernation (safe; 16% risk of failure)
Confirm with . or Enter, or press ? or * to list all spells.
Aiming: Corona (safe; 6% risk of failure)
Press: ? - help, Shift-Dir - straight line, f/p - adder
Aim: an adder (chance to defeat MR: 55%)
The adder is outlined in light.
You feel sick. The adder bites you.
You are more poisoned.
The adder poisons you!
It was a potion of flight.
You feel very buoyant.
You fly up into the air.
You feel sick. The adder bites you.
You are more poisoned.
The adder poisons you!
You aren't carrying any potions.
You are feeling very hungry.
You barely miss the adder.
You feel sick. The adder bites you.
* * * LOW HITPOINT WARNING * * *
The adder bites you.
You die...

#####....#.#
..(##......#
##.........#
##.#.##..#.#
###
............
..# #
...#.....#.##
#.# .#
#..#w.##.#
#.##.##..#..
..รท#..##.#.
#..S........
..w........#
#@#
#.#####.####
#.## #.# .#
#..## ..# #
#...# ###
##.## # #.# #
#.# #.# ###
#.#


You could see an adder.

Vanquished Creatures
  A dart slug (D:1)
  2 leopard geckos
  3 hobgoblins (D:1)
  A quokka (D:2)
  A ball python (D:2)
  2 bats (D:1)
  A frilled lizard (D:1)
  4 rats
15 creatures vanquished.

Notes
Turn   | Place    | Note
-------+----------+-------------------------------------------
     0 | D:1      | EnegeticOcto the Demonspawn Enchanter began the quest for
                  | the Orb.
     0 | D:1      | Reached XP level 1. HP: 13/13 MP: 3/3
   695 | D:1      | Reached skill level 1 in Short Blades
   817 | D:1      | Gained mutation: You have a somewhat thin skeletal
                  | structure. (Dex +2, Stealth) [demonic ancestry]
   817 | D:1      | Reached XP level 2. HP: 20/20 MP: 3/5
  1102 | D:1      | Reached skill level 1 in Fighting
  1110 | D:1      | Learned a level 2 spell: Ensorcelled Hibernation
  2169 | D:2      | Slain by an adder

Levels and vault maps discovered:
D:1:      giann_horns, layout_basic
D:2:      layout_loops_cross

Skill      XL: |  1  2 |
---------------+-------+-----
Stealth        | 3 |  3.0
Short Blades   | 1 |  1.4
Fighting       | 1 |  1.1
Dodging        | |  1.7
Spellcasting   | |  2.0
Hexes          | |  3.0
Ice Magic      | |  0.2

Action                   || total
-------------------------++-------
Melee: Dagger            ||    82
Throw: Stone             ||    25
 Cast: Corona            ||    21
       Ensorcelled Hiber ||     8
  Use: Potion            ||     1
 Stab: Sleeping          ||     4
  Eat: Chunk             ||     4
Armor: Robe              ||    22
Dodge: Dodged            ||    56

Table legend:
 A = Non-vault XP
 B = Vault XP
 C = Vault XP percentage of total XP
 D = Non-vault monster count
 E = Vault monster count
 F = Vault count percentage of total count
                 A         B        C        D         E       F
            +---------+---------+-------+---------+---------+-------
      Total |      26 |       0 |   0.0 |      15 |       0 |   0.0
            +---------+---------+-------+---------+---------+-------
        D:1 |      19 |       0 |   0.0 |      11 |       0 |   0.0
        D:2 |       7 |       0 |   0.0 |       4 |       0 |   0.0
            +---------+---------+-------+---------+---------+-------
